Workbook

Sheet DADOS
B2: PREFEITURA MUNICIPAL DE MOCOCA
B3: SECRETARIA MUNICIPAL DE ENGENHARIA E INFRAESTRUTURA URBANA
B4: Rua XV de Novembro, 360 - Centro - Mococa - São Paulo
B5: Portal da Cidadania: www.mococa.sp.gov.br
B6: Tel: (19) 3656 - 9800
B7: DADOS E INFORMAÇÕES DO EMPREENDIMENTO
D9: =ORÇAMENTO!B8 -> EMPREENDIMENTO : Troca do sistema elétrico
D10: =ORÇAMENTO!B9 -> LOCAL: EMEB José Manuel Luchesi - São Bnedito das Areias
D12: VALOR DE REPASSE | F12: 70000
D13: VALOR DE CONTRAPARTIDA | F13: =ORÇAMENTO!#REF!-F12 -> #REF!
D14: REGIME PREVIDENCIÁRIO PREVISTO PARA OBRA | F14: DESONERADO
D15: DATA BASE | F15: CDHU 190 - MAIO 2023
D17: RESPONSAVÊL TÉCNICO | F17: RENAN AUGUSTO DE CARVALHO
D18: CARGO / FUNÇÃO | F18: SECRETÁRIO MUNICIPAL
D19: CREA / CAU | F19: 5070103369
D20: ART Nº
D23: LICITAÇÃO
D24: DATA DE EMISSÃO DA LICITAÇÃO: XX/XX/XXXX
D25: Nº DE CONTRATO COM A EMPRESA : XXX/20XX
D26: NOME DA EMPRESA:
D27: CNPJ DA EMPRESA:
D28: TIPO DE LICITAÇÃO :
D31: ACOMPANHAMENTO
D32: MEDIÇÃO Nº | E32: VALOR MEDIDO NO PERIODO | G32: DATA DA MEDIÇÃO
D33: 1ª MEDIÇÃO | E33: R$ XXXXX,XX | G33: XX/XX/XXXX
D34: 2ª MEDIÇÃO | E34: R$ XXXXX,XX | G34: XX/XX/XXXX
D35: 3ª MEDIÇÃO | E35: R$ XXXXX,XX | G35: XX/XX/XXXX
D36: 4ª MEDIÇÃO | E36: R$ XXXXX,XX | G36: XX/XX/XXXX
D39: Obs: "teve termo aditivo de prazo", teve termo aditivo de valor", obra paralizada de tal a tal dia. Obra finalizada tal data

Sheet ORÇAMENTO
B2: PREFEITURA MUNICIPAL DE MOCOCA
B3: SECRETARIA MUNICIPAL DE ENGENHARIA E INFRAESTRUTURA URBANA
B4: Rua XV de Novembro, 360 - Centro - Mococa - São Paulo
B5: Portal da Cidadania: www.mococa.sp.gov.br
B6: Tel: (19) 3656 - 9800
B7: PLANILHA DE CUSTOS E QUANTIDADES
B8: EMPREENDIMENTO : Troca do sistema elétrico | G8: Mococa, 12 de Agosto de 2025
B9: LOCAL: EMEB José Manuel Luchesi - São Bnedito das Areias
B10: FONTE/DATA BASE: CDHU 197 sem desoneração e SINAPI 12/2024 | J10: BDI 19,60%
B12: ITEM | C12: CÓDIGO | D12: FONTE | E12: DESCRIÇÃO | F12: UNID. | G12: VALOR UNITÁRIO | H12: QUANTIDADE | I12: VALOR UNITARIO COM BDI | J12: VALOR TOTAL COM BDI
B14: 1 | C14: SUBSTITUIÇÃO E REPAROS SISTEMA ELÉTRICO
B15: 1.1 | C15: 04.18.060 | D15: CDHU | E15: Remoção de caixa de entrada de energia padrão medição indireta completa | F15: UND | G15: 263.35 | H15: 1 | I15: =G15*19.6%+G15 -> 314.9666 | J15: =I15*H15 -> 314.9666
B16: 1.2 | C16: 04.18.340 | D16: CDHU | E16: Remoção de condulete | F16: M | G16: 20.98 | H16: =SUM(H22:H26) -> 52 | I16: =G16*19.6%+G16 -> 25.09208 | J16: =I16*H16 -> 1304.7882
B17: 1.3 | C17: 04.18.390 | D17: CDHU | E17: Remoção de condutor embutido diâmetro externo até 6,5 mm | F17: M | G17: 2.63 | H17: 1894 | I17: =G17*19.6%+G17 -> 3.14548 | J17: =I17*H17 -> 5957.5391
B18: 1.4 | C18: 04.18.370 | D18: CDHU | E18: Remoção de condutor aparente diâmetro externo até 6,5 mm | F18: M | G18: 3.16 | H18: 419 | I18: =G18*19.6%+G18 -> 3.77936 | J18: =I18*H18 -> 1583.5518
B19: 1.5 | C19: 04.19.060 | D19: CDHU | E19: Remoção de disjuntor termomagnético | F19: UND | G19: 13.17 | H19: 26 | I19: =G19*19.6%+G19 -> 15.75132 | J19: =I19*H19 -> 409.53432
B20: 1.6 | C20: COMP01 | D20: COMPOSIÇÃO | E20: Instalação de Padrão de entrada de energia elétrica, categoria C4, conforme norma GED-13 da CPFL | F20: UND | G20: 3281.96 | H20: 1 | I20: =G20*19.6%+G20 -> 3925.2242 | J20: =I20*H20 -> 3925.2242
B21: 1.7 | C21: 11976 | D21: SINAPI-I | E21: CHUMBADOR DE ACO ZINCADO, DIAMETRO 1/4" COM PARAFUSO 1/4" X 40 MM | F21: UND | G21: 1.3 | H21: 4 | I21: =G21*19.6%+G21 -> 1.5548 | J21: =I21*H21 -> 6.2192
B22: 1.8 | C22: 38.01.160 | D22: CDHU | E22: Eletroduto de PVC rígido roscável de 3´ - com acessórios | F22: M | G22: 106.21 | H22: 15 | I22: =G22*19.6%+G22 -> 127.02716 | J22: =I22*H22 -> 1905.4074
B23: 1.9 | C23: 38.01.120 | D23: CDHU | E23: Eletroduto de PVC rígido roscável de 2´ - com acessórios | F23: M | G23: 67.73 | H23: 5 | I23: =G23*19.6%+G23 -> 81.00508 | J23: =I23*H23 -> 405.0254
B24: 1.10 | C24: 38.01.080 | D24: CDHU | E24: Eletroduto de PVC rígido roscável de 1 1/4´ - com acessórios | F24: M | G24: 52.41 | H24: 11 | I24: =G24*19.6%+(G24) -> 62.68236 | J24: =I24*H24 -> 689.50596
B25: 1.11 | C25: 38.01.060 | D25: CDHU | E25: Eletroduto de PVC rígido roscável de 1´ - com acessórios | F25: M | G25: 41.49 | H25: 17 | I25: =G25*19.6%+(G25) -> 49.62204 | J25: =I25*H25 -> 843.57468
B26: 1.12 | C26: 38.01.140 | D26: CDHU | E26: Eletroduto de PVC rígido roscável de 2 1/2´ - com acessórios | F26: M | G26: 87.11 | H26: 4 | I26: =G26*19.6%+(G26) -> 104.18356 | J26: =I26*H26 -> 416.73424
B27: 1.13 | C27: 38.13.040 | D27: CDHU | E27: Eletroduto corrugado em polietileno de alta densidade, DN= 100 mm, com acessórios | F27: M | G27: 22.93 | H27: 200 | I27: =G27*19.6%+(G27) -> 27.42428 | J27: =I27*H27 -> 5484.856
B28: 1.14 | C28: 39.02.010 | D28: CDHU | E28: Cabo de cobre de 1,5 mm², isolamento 750 V - isolação em PVC 70°C | F28: M | G28: 3.81 | H28: 698 | I28: =G28*19.6%+(G28) -> 4.55676 | J28: =I28*H28 -> 3180.6185
B29: 1.15 | C29: 39.02.016 | D29: CDHU | E29: Cabo de cobre de 2,5 mm², isolamento 750 V - isolação em PVC 70°C | F29: M | G29: 4.69 | H29: 2630 | I29: =G29*19.6%+(G29) -> 5.60924 | J29: =I29*H29 -> 14752.301
B30: 1.16 | C30: 39.02.020 | D30: CDHU | E30: Cabo de cobre de 4 mm², isolamento 750 V - isolação em PVC 70°C | F30: M | G30: 7.36 | H30: 295 | I30: =G30*19.6%+(G30) -> 8.80256 | J30: =I30*H30 -> 2596.7552
B31: 1.17 | C31: 39.02.030 | D31: CDHU | E31: Cabo de cobre de 6 mm², isolamento 750 V - isolação em PVC 70°C | F31: M | G31: 9.9 | H31: 142 | I31: =G31*19.6%+(G31) -> 11.8404 | J31: =I31*H31 -> 1681.3368
B32: 1.18 | C32: 39.06.074 | D32: CDHU | E32: Cabo de cobre de 50 mm², isolamento 8,7/15 kV - isolação EPR 90°C | F32: M | G32: 132.99 | H32: 104 | I32: =G32*19.6%+(G32) -> 159.05604 | J32: =I32*H32 -> 16541.828
B33: 1.19 | C33: 37.13.660 | D33: CDHU | E33: Disjuntor termomagnético, tripolar 220/380 V, corrente de 60 A até 100 A | F33: UND | G33: 275.17 | H33: 1 | I33: =G33*19.6%+(G33) -> 329.10332 | J33: =I33*H33 -> 329.10332
B34: 1.20 | C34: 37.13.600 | D34: CDHU | E34: Disjuntor termomagnético, unipolar 127/220 V, corrente de 10 A até 30 A | F34: UND | G34: 33.9 | H34: 10 | I34: =G34*19.6%+(G34) -> 40.5444 | J34: =I34*H34 -> 405.444
B35: 1.21 | C35: 37.13.630 | D35: CDHU | E35: Disjuntor termomagnético, bipolar 220/380 V, corrente de 10 A até 50 A | F35: UND | G35: 144.85 | H35: 9 | I35: =G35*19.6%+(G35) -> 173.2406 | J35: =I35*H35 -> 1559.1654
... B43: 1.29 | C43: 42.05.200 | D43: CDHU | E43: Haste de aterramento de 5/8" x 2,4 m | F43: UND | G43: 204.34 | H43: 1 | I43: =G43*19.6%+(G43) -> 244.39064 | J43: =I43*H43 -> 244.39064
B44: 1.30 | C44: 42.05.160 | D44: CDHU | E44: Conector olhal cabo/haste de 5/8´ | F44: UND | G44: 9.02 | H44: 1 | I44: =G44*19.6%+G44 -> 10.78792 | J44: =I44*H44 -> 10.78792
F46: TOTAL | H46: =SUM(J15:J44) -> 69701.95

Sheet CFF
C2: PREFEITURA MUNICIPAL DE MOCOCA
C3: SECRETARIA MUNICIPAL DE ENGENHARIA E INFRAESTRUTURA URBANA | O3: DESCRIÇÃO DOS SERVIÇOS | P3: MÊS 01 | Q3: MÊS 02 | R3: MÊS 03 | S3: MÊS 04 | T3: VALOR ACUMULADO
C4: Rua XV de Novembro, 360 - Centro - Mococa - São Paulo
C5: Portal da Cidadania: www.mococa.sp.gov.br | O5: =D14 -> SUBSTITUIÇÃO E REPAROS SISTEMA ELÉTRICO | P5: 1 | Q5: 0 | R5: 0 | S5: 0 | T5: =E14 -> 69701.95
C6: Tel: (19) 3656 - 9800 | O6: =#REF! -> #REF! | P6: 1 | Q6: 0 | R6: 0 | S6: 0 | T6: =#REF! -> #REF!
C7: CFF - CRONOGRAMA FÍSICO FINANCEIRO | O7: =#REF! -> #REF! | P7: 0 | Q7: 0.5 | R7: 0.5 | S7: 0 | T7: =#REF! -> #REF!
C8: =ORÇAMENTO!B8 -> EMPREENDIMENTO : Troca do sistema elétrico | J8: =ORÇAMENTO!G8 -> Mococa, 12 de Agosto de 2025 | O8: =#REF! -> #REF! | P8: 0 | Q8: 0 | R8: 0 | S8: 1 | T8: =#REF! -> #REF!
C9: =ORÇAMENTO!B9 -> LOCAL: EMEB José Manuel Luchesi - São Bnedito das Areias | O9: =#REF! -> #REF! | P9: 0 | Q9: 0 | R9: 0 | S9: 1 | T9: =#REF! -> #REF!
C10: =ORÇAMENTO!B10 -> FONTE/DATA BASE: CDHU 197 sem desoneração e SINAPI 12/2024 | K10: =ORÇAMENTO!J10 -> BDI 19,60%
C12: ITEM | D12: DESCRIÇÃO DOS SERVIÇOS | E12: VALOR DOS SERVIÇOS | F12: % | G12: SERVIÇOS A SEREM EXECUTADOS POR PERIODO
G13: SEMANA 01 | H13: SEMANA 02 | I13: SEMANA 03 | J13: SEMANA 04 | K13: TOTAL
C14: 1 | D14: =ORÇAMENTO!C14 -> SUBSTITUIÇÃO E REPAROS SISTEMA ELÉTRICO | E14: =ORÇAMENTO!H46 -> 69701.95 | F14: =E14/E15 -> 1 | G14: 0.25 | H14: 0.25 | I14: 0.25 | J14: 0.25 | K14: =E14 -> 69701.95
C15: Total em R$ | E15: =SUM(E14:E14) -> 69701.95 | F15: =SUM(F14:F14) -> 1 | G15: =E14/4 -> 17425.488 | H15: =G15 -> 17425.488 | I15: =H15 -> 17425.488 | J15: =I15 -> 17425.488 | K15: =SUM(G15:J15) -> 69701.95
C16: Total em % | G16: =G15/E15 -> 0.25 | H16: =H15/E15 -> 0.25 | I16: =I15/E15 -> 0.25 | J16: =J15/E15 -> 0.25 | K16: =SUM(G16:J16) -> 1
C17: Total acumulado em R$ | G17: =G15 -> 17425.488 | H17: =H15+G17 -> 34850.975 | I17: =I15+H17 -> 52276.463 | J17: =J15+I17 -> 69701.95 | K17: =J17 -> 69701.95
C18: Total acumulado em % | G18: =G16 -> 0.25 | H18: =H16+G18 -> 0.5 | I18: =I16+H18 -> 0.75 | J18: =J16+I18 -> 1 | K18: =J18 -> 1

Sheet BDI
B2: PREFEITURA MUNICIPAL DE MOCOCA
B3: SECRETARIA MUNICIPAL DE ENGENHARIA E INFRAESTRUTURA URBANA
B4: Rua XV de Novembro, 360 - Centro - Mococa - São Paulo
B5: Portal da Cidadania: www.mococa.sp.gov.br
B6: Tel: (19) 3656 - 9800
B7: PLANILHA ANALÍTICA DO BDI
B8: =ORÇAMENTO!B8 -> EMPREENDIMENTO : Troca do sistema elétrico | G8: =ORÇAMENTO!G8 -> Mococa, 12 de Agosto de 2025
B9: =ORÇAMENTO!B9 -> LOCAL: EMEB José Manuel Luchesi - São Bnedito das Areias
B10: =ORÇAMENTO!B10 -> FONTE/DATA BASE: CDHU 197 sem desoneração e SINAPI 12/2024
B12: ITEM | C12: DESCRIÇÃO | H12: % | I12: TOTAL
B13: 1 | C13: Administração central | I13: 0.03
B14: 2 | C14: Impostos e Taxas | I14: =H15+H16+H17 -> 0.078
B15: 2.1 | C15: ISS | H15: 0.05
B16: 2.2 | C16: PIS | H16: 0.008
B17: 2.3 | C17: Cofins | H17: 0.02
B18: 3 | C18: Taxa de Risco | I18: =H19+H20+H21 -> 0.0234
B19: 3.1 | C19: Seguro | H19: 0.006
B20: 3.2 | C20: Risco | H20: 0.0114
B21: 3.3 | C21: Garantia | H21: 0.006
B22: 4 | C22: Dispesa Financeira | I22: 0.02
B23: 5 | C23: Lucro | I23: 0.0446
F24: BDI TOTAL | H24: =I23+I22+I18+I14+I13 -> 0.196

Sheet CÁLCULO
B2: PREFEITURA MUNICIPAL DE MOCOCA
B3: SECRETARIA MUNICIPAL DE ENGENHARIA E INFRAESTRUTURA URBANA
B4: Rua XV de Novembro, 360 - Centro - Mococa - São Paulo
B5: Portal da Cidadania: www.mococa.sp.gov.br
B6: Tel: (19) 3656 - 9800
B7: MC- MEMORIAL DE CÁLCULO
B8: =ORÇAMENTO!B8 -> EMPREENDIMENTO : Troca do sistema elétrico | G8: =ORÇAMENTO!G8 -> Mococa, 12 de Agosto de 2025
B9: =ORÇAMENTO!B9 -> LOCAL: EMEB José Manuel Luchesi - São Bnedito das Areias
B10: =ORÇAMENTO!B10 -> FONTE/DATA BASE: CDHU 197 sem desoneração e SINAPI 12/2024 | H10: =ORÇAMENTO!H10 -> 0 | I10: =ORÇAMENTO!J10 -> BDI 19,60%
B12: ITEM | C12: SERVIÇO | F12: QUANTIDADE | G12: CÁLCULO
B13: 1 | C13: =ORÇAMENTO!C14 -> SUBSTITUIÇÃO E REPAROS SISTEMA ELÉTRICO | G13: Descrição do cálculo
B14: 1.1 | C14: =ORÇAMENTO!E15 -> Remoção de caixa de entrada de energia padrão medição indireta completa | F14: =ORÇAMENTO!H15 -> 1
B15: 1.2 | C15: =ORÇAMENTO!E22 -> Eletroduto de PVC rígido roscável de 3´ - com acessórios | F15: =ORÇAMENTO!H22 -> 15
B16: =ORÇAMENTO!#REF! -> #REF! | C16: =ORÇAMENTO!#REF! -> #REF! | F16: QUANTIDADE | G16: Descrição do cálculo
B17: =ORÇAMENTO!#REF! -> #REF! | C17: =ORÇAMENTO!#REF! -> #REF! | F17: =ORÇAMENTO!#REF! -> #REF!
B18: =ORÇAMENTO!#REF! -> #REF! | C18: =ORÇAMENTO!#REF! -> #REF! | F18: =ORÇAMENTO!#REF! -> #REF!
B19: =ORÇAMENTO!#REF! -> #REF! | C19: =ORÇAMENTO!#REF! -> #REF! | F19: =ORÇAMENTO!#REF! -> #REF!
B20: =ORÇAMENTO!B23 -> 1.9 | C20: =ORÇAMENTO!E23 -> Eletroduto de PVC rígido roscável de 2´ - com acessórios | F20: =ORÇAMENTO!H23 -> 5
B21: =ORÇAMENTO!#REF! -> #REF! | C21: =ORÇAMENTO!#REF! -> #REF! | F21: QUANTIDADE | G21: Descrição do cálculo
B22: 3.1 | C22: =ORÇAMENTO!E24 -> Eletroduto de PVC rígido roscável de 1 1/4´ - com acessórios | F22: =ORÇAMENTO!H24 -> 11
B23: 3.2 | C23: =ORÇAMENTO!E25 -> Eletroduto de PVC rígido roscável de 1´ - com acessórios | F23: =ORÇAMENTO!H25 -> 17
B24: 3.3 | C24: =ORÇAMENTO!E26 -> Eletroduto de PVC rígido roscável de 2 1/2´ - com acessórios | F24: =ORÇAMENTO!H26 -> 4
B25: 3.4 | C25: =ORÇAMENTO!E27 -> Eletroduto corrugado em polietileno de alta densidade, DN= 100 mm, com acessórios | F25: =ORÇAMENTO!H27 -> 200
B26: 3.5 | C26: =ORÇAMENTO!E29 -> Cabo de cobre de 2,5 mm², isolamento 750 V - isolação em PVC 70°C | F26: =ORÇAMENTO!H29 -> 2630
B27: 3.6 | C27: =ORÇAMENTO!#REF! -> #REF! | F27: =ORÇAMENTO!#REF! -> #REF!
B28: 3.7 | C28: =ORÇAMENTO!E30 -> Cabo de cobre de 4 mm², isolamento 750 V - isolação em PVC 70°C | F28: =ORÇAMENTO!H30 -> 295
B29: 3.8 | C29: =ORÇAMENTO!E31 -> Cabo de cobre de 6 mm², isolamento 750 V - isolação em PVC 70°C | F29: =ORÇAMENTO!H31 -> 142
B30: 3.9 | C30: =ORÇAMENTO!E32 -> Cabo de cobre de 50 mm², isolamento 8,7/15 kV - isolação EPR 90°C | F30: =ORÇAMENTO!H32 -> 104
B31: 3.10 | C31: =ORÇAMENTO!E33 -> Disjuntor termomagnético, tripolar 220/380 V, corrente de 60 A até 100 A | F31: =ORÇAMENTO!H33 -> 1
B32: 3.11 | C32: =ORÇAMENTO!E34 -> Disjuntor termomagnético, unipolar 127/220 V, corrente de 10 A até 30 A | F32: =ORÇAMENTO!H34 -> 10
B33: 3.12 | C33: =ORÇAMENTO!E35 -> Disjuntor termomagnético, bipolar 220/380 V, corrente de 10 A até 50 A | F33: =ORÇAMENTO!H35 -> 9
B34: =ORÇAMENTO!#REF! -> #REF! | C34: =ORÇAMENTO!#REF! -> #REF! | F34: QUANTIDADE | G34: Descrição do cálculo
B35: 4.1 | C35: =ORÇAMENTO!#REF! -> #REF! | F35: =ORÇAMENTO!#REF! -> #REF!
B36: 4.2 | C36: =ORÇAMENTO!#REF! -> #REF! | F36: =ORÇAMENTO!#REF! -> #REF!
B37: 4.3 | C37: =ORÇAMENTO!#REF! -> #REF! | F37: =ORÇAMENTO!#REF! -> #REF!
B38: 4.4 | C38: =ORÇAMENTO!#REF! -> #REF! | F38: =ORÇAMENTO!#REF! -> #REF!
B39: 4.5 | C39: =ORÇAMENTO!#REF! -> #REF! | F39: =ORÇAMENTO!#REF! -> #REF!
B40: =ORÇAMENTO!#REF! -> #REF! | C40: =ORÇAMENTO!#REF! -> #REF! | F40: QUANTIDADE | G40: Descrição do cálculo
B41: 5.1 | C41: =ORÇAMENTO!#REF! -> #REF! | F41: =ORÇAMENTO!#REF! -> #REF!

Sheet COTAÇÃO
A1: PREFEITURA MUNICIPAL DE MOCOCA
A2: SECRETARIA MUNICIPAL DE ENGENHARIA E INFRAESTRUTURA URBANA
A3: Rua XV de Novembro, 360 - Centro - Mococa - São Paulo
A4: Portal da Cidadania: www.mococa.sp.gov.br
A5: Tel: (19) 3656 - 9800
A6: QUADRO DE COMPOSIÇÕES
A7: =ORÇAMENTO!B8 -> EMPREENDIMENTO : Troca do sistema elétrico | F7: =ORÇAMENTO!G8 -> Mococa, 12 de Agosto de 2025
A8: =ORÇAMENTO!B9 -> LOCAL: EMEB José Manuel Luchesi - São Bnedito das Areias
A9: =ORÇAMENTO!B10 -> FONTE/DATA BASE: CDHU 197 sem desoneração e SINAPI 12/2024 | G9: =ORÇAMENTO!J10 -> BDI 19,60%
A11: COMP01 | D11: Fossa Séptica/Biodigestor, 3000 litros, inclusive kit de instalação e mão de obra necessária para instalação | E11: UND | F11: =(F12*G12)+(F13*G13)+(F14*G14)+(F15*G15) -> 4005.2023 | G11: 1
A12: 1.1 | B12: =A22 -> COT01 | C12: =C23 -> COTAÇÃO | D12: =D22 -> Fossa Séptica/Biodigestor, 3000 litros | E12: UND | F12: =F22 -> 3435.8833 | G12: 1
A13: 1.2 | B13: 06.01.020 | C13: CDHU | D13: Escavação manual em solo de 1ª e 2ª categoria em campo aberto | E13: M3 | F13: 53.58 | G13: 8.2
A14: 1.3 | B14: 11.18.180 | C14: CDHU | D14: Colchão de areia | E14: M3 | F14: 211.95 | G14: 0.5
B15: 06.11.040 | C15: CDHU | D15: Reaterro manual apiloado sem controle de compactação | E15: M3 | F15: 19.99 | G15: 1.2
A22: COT01 | D22: Fossa Séptica/Biodigestor, 3000 litros | E22: UND | F22: =AVERAGE(F23:F25) -> 3435.8833 | G22: 1
A23: 1.1 | B23: COT01 | C23: COTAÇÃO | D23: Fossa septica 3000L para tratamento de esgoto preto Acqualimp | E23: UND | F23: 3649.9 | G23: 1
A24: 1.2 | B24: COT02 | C24: COTAÇÃO | D24: Biodigestor / fossa séptica hidrotec 3000l | E24: UND | F24: 4069 | G24: 1
A25: 1.3 | B25: COT03 | C25: COTAÇÃO | D25: Fossa Séptica 3000L Tecnipar | E25: UND | F25: 2588.75 | G25: 1

Sheet COMPOSÇOES CDHU
B2: PREFEITURA MUNICIPAL DE MOCOCA
B3: SECRETARIA MUNICIPAL DE ENGENHARIA E INFRAESTRUTURA URBANA
B4: Rua XV de Novembro, 360 - Centro - Mococa - São Paulo
B5: Portal da Cidadania: www.mococa.sp.gov.br
B6: Tel: (19) 3656 - 9800
B7: PLANILHA DE CUSTOS E QUANTIDADES
B8: EMPREENDIMENTO : Execução de sistema de drenagem, e muro de arrimo | E8: Mococa, 22 de Julho de 2025
B9: LOCAL: R. José Vaciloto, 211-157 - Nucleo Hab. Nene Pereira Lima, Mococa - SP
B10: FONTE/DATA BASE: CDHU 197 sem desoneração e SINAPI 12/24 sem desoneração
B12: ITEM | C12: DESCRIÇÃO | D12: UNID. | E12: QNTD.
B14: 02.10.050 | C14: Locação para muros, cercas e alambrados | D14: M
B15: B.01.000.010160 | C15: Ajudante de topógrafo | D15: H | E15: 0.012
B16: B.01.000.010185 | C16: Topografo | D16: H | E16: 0.004
B17: S.01.000.080352 | C17: Veículo utilitário com capacidade para 9 pessoas - 1.600 CC - COND.D | D17: H | E17: 0.01
B18: 34.13.060 | C18: Corte, recorte e remoção de árvore inclusive as raízes - diâmetro (DAP) acima de 100 cm | D18: UN
B19: B.01.000.010101 | C19: Ajudante geral | D19: H | E19: 64
B20: B.01.000.010143 | C20: Operador | D20: H | E20: 24
B21: S.03.000.085678 | C21: Retroescavadeira sobre rodas com carregadeira, tração 4x4, potência liquida 88 HP, peso operacional mínimo 6674 kg capacidade da carregadeira de 1 m³ e da retroescavadeira mínima de 0,26 m³, profundidade de escavação máxima de 4,37 m | D21: H | E21: 5
B22: S.04.000.081346 | C22: Motosserra a gasolina portátil tipo 60 cilindradas; ref. mod.61 da Husqvarna ou equivalente | D22: H | E22: 24
B23: S.04.000.081352 | C23: Caminhão guindaste sobre pneus com capacidade de carga de 30 Toneladas | D23: H | E23: 24
B24: 07.01.020 | C24: Escavação e carga mecanizada em solo de 1ª categoria, em campo aberto | D24: M3
B25: B.01.000.010146 | C25: Servente | D25: H | E25: 0.014
B26: S.01.000.080311 | C26: Caminhão basculante diesel com capacidade de 5 m³ - COND. D | D26: H | E26: 0.0343
B27: S.01.000.080344 | C27: Trator sobre esteiras potência 76 a 88HP (56 a 64,9kW), ref. D4 da Komatsu ou equivalente | D27: H | E27: 0.014
B28: S.07.000.080230 | C28: Pá-carregadeira sobre pneus, potência 120 a 122HP (88,5 a 119 kW) capacidade da caçamba de 1,7 a 5,0m³, ref. CAT924G da CATERPILLAR ou equivalente | D28: H | E28: 0.014
